 Dungeon Crawl Stone Soup version 0.27.0-1-g7a089689b8 (webtiles) character file.

Game seed: 936701869052505978

103 Happyhead the Conjurer (level 4, -3/33 HPs)
             Began as a Draconian Conjurer on Aug 10, 2021.
             Slain by an iguana (10 damage)
             ... on level 3 of the Dungeon.
             The game lasted 00:13:35 (2696 turns).

Happyhead the Conjurer (Draconian Conjurer)         Turns: 2696, Time: 00:13:35

Health: -3/33      AC:  5    Str:  9    XL:     4   Next: 51%
Magic:  1/7        EV: 12    Int: 19    God:
Gold:   50         SH:  0    Dex: 10    Spells: 5/8 levels left

rFire    . . .     SeeInvis .   k - +0 quarterstaff
rCold    . . .     Faith    .   (shield currently unavailable)
rNeg     . . .     Spirit   .   (armour unavailable)
rPois    .         Reflect  .   (helmet restricted)
rElec    .         Harm     .   (no cloak)
rCorr    .         Rampage  .   (no gloves)
Will     .....                  (no boots)
Stlth    ++........             (no amulet)
HPRegen  0.11/turn              (no ring)
MPRegen  0.10/turn              (no ring)

@: no status effects
A: AC +5, unfitting armour, cold-blooded
a: no special abilities


You were on level 3 of the Dungeon.
You visited 1 branch of the dungeon, and saw 3 of its levels.

You collected 50 gold pieces.

Inventory:

Hand Weapons
 g - a +0 short sword
 k - a +0 quarterstaff (weapon)
Missiles
 b - 2 javelins
Jewellery
 h - an amulet of faith
Scrolls
 d - a scroll of holy word {unknown}
 f - a scroll of blinking {unknown}
 i - a scroll of amnesia {unknown}
 j - 3 scrolls of fog {unknown}
 o - a scroll of enchant weapon {unknown}
 p - 2 scrolls of magic mapping {unknown}
Potions
 a - 3 potions of curing {unknown}
 c - 2 potions of flight {unknown}
 e - a potion of degeneration {unknown}
 l - 3 potions of heal wounds {unknown}
 m - a potion of invisibility {unknown}
 n - a potion of brilliance {unknown}


   Skills:
 + Level 0.2 Short Blades
 + Level 0.1 Staves
 + Level 2.3 Dodging
 + Level 2.1 Stealth
 + Level 2.5 Spellcasting
 + Level 5.2 Conjurations


You had 5 spell levels left.
You knew the following spells:

 Your Spells              Type           Power      Damage    Failure   Level
a - Magic Dart            Conj           88%        1d7       1%          1
b - Searing Ray           Conj           44%        3d4       2%          2

Your spell library contained the following spells:

 Spells                   Type           Power      Damage    Failure   Level
 Dazzling Flash           Conj/Hex       24%        N/A       17%         3
 Fulminant Prism          Conj/Hex       6%         3d7       50%         4
 Iskenderun's Mystic Bla  Conj/Tloc      12%        2d5       50%         4
 Animate Dead             Necr           1%         N/A       85%         4
 Haunt                    Necr/Summ      1%         N/A       100%        7
 Infestation              Necr           1%         N/A       100%        8


Dungeon Overview and Level Annotations

Branches:
Dungeon (3/15)

Altars:

Shops:
D:3 *


Innate Abilities, Weirdness & Mutations

Your plain brown scales are hard. (AC +5)
You cannot fit into any form of body armour.
You are cold-blooded and may be slowed by cold attacks.


Message History

The iguana hisses angrily.
Casting: Magic Dart (safe; 1% risk of failure)
Confirm with . or Enter, or press ? or * to list all spells.
Aiming: Searing Ray (safe; 2% risk of failure)
Press: ? - help, Shift-Dir - straight line, f - iguana
Aim: an iguana (81% to hit)
The searing ray hits the iguana.
The iguana is moderately wounded. (Press . to maintain the ray.)
The searing ray misses the iguana.
The searing ray misses the iguana.
The searing ray hits the iguana.
The iguana is heavily wounded.
You finish channeling your searing ray.
The iguana misses you.
You hit the iguana.
The iguana is severely wounded.
The iguana closely misses you.
Casting: Searing Ray (safe; 2% risk of failure)
Confirm with . or Enter, or press ? or * to list all spells.
Aiming: Searing Ray (safe; 2% risk of failure)
Press: ? - help, Shift-Dir - straight line, f/p - iguana
Aim: an iguana (severely wounded, 81% to hit)
The searing ray hits the iguana.
The iguana is almost dead. (Press . to maintain the ray.)
The iguana closely misses you.
Without enough magic to sustain it, your searing ray dissipates.
The iguana bites you! The iguana closely misses you.
You hit the iguana but do no damage.
The iguana is almost dead.
The iguana bites you. The iguana bites you!
* * * LOW HITPOINT WARNING * * *
You hit the iguana but do no damage.
The iguana is almost dead.
The iguana barely misses you.
You hit the iguana but do no damage.
Your tail-slap misses the iguana.
The iguana is almost dead.
The iguana bites you!
You die...

#†##########....
#...<.).#......#
##.####)#.PP...#
##.........P∩P..#
#.#.####...PP..##
#.#.####.......#
#.#......##.##.#
#.#####.######.##.##.#
#....l@.# #....##.#
######### #..... .#
#....... #..##.#. #...
... ... #.


You could see an iguana.

Vanquished Creatures
  4 adders (D:2)
  3 worms (D:2)
  A dart slug (D:1)
  4 ball pythons
  3 bats
  5 endoplasms
  3 giant cockroaches (D:2)
  5 goblins
  2 hobgoblins
  10 jackals
  4 kobolds
  3 quokkas
  2 frilled lizards
  5 rats
54 creatures vanquished.

Notes
Turn   | Place    | Note
-------+----------+-------------------------------------------
     0 | D:1      | Happyhead the Draconian Conjurer began the quest for the
                  | Orb.
     0 | D:1      | Reached XP level 1. HP: 14/14 MP: 3/3
   458 | D:1      | Reached XP level 2. HP: 20/20 MP: 3/5
   482 | D:1      | Learned a level 2 spell: Searing Ray
  1041 | D:1      | Reached XP level 3. HP: 26/26 MP: 1/6
  1813 | D:2      | Reached skill level 5 in Conjurations
  1813 | D:2      | Reached XP level 4. HP: 33/33 MP: 3/7
  2489 | D:2      | Found a faded altar of an unknown god.
  2542 | D:3      | Found Tideph's Assorted Antiques.
  2696 | D:3      | Slain by an iguana

Illustrated notes

Levels and vault maps discovered:
D:1:      saegor_arrival_simple_e, layout_basic, dk_noncrumbling_4,
          minmay_3d_cube
D:2:      layout_rooms, ebering_ecumenical_altar_abandoned,
          grunt_decor_one_mirror
D:3:      layout_loops_cross, mainiacjoe_overflow_alcove_4,
          lightli_temple_of_fire, serial_shops, nicolae_shop_overgrown_old_shop

Skill      XL: |  1  2  3 |
---------------+----------+-----
Dodging        | 2 |  2.3
Stealth        | 2 |  2.1
Conjurations   | 5 |  5.2
Short Blades   | |  0.2
Staves         | |  0.1
Spellcasting   | |  2.5

Action                   |  1- 3 |  4- 6 || total
-------------------------+-------+-------++-------
Melee: Unarmed           |    23 |       ||    23
       Tailslap          |     4 |     1 ||     5
       Short sword       |    14 |       ||    14
       Quarterstaff      |     1 |    27 ||    28
Throw: Javelin           |     1 |       ||     1
 Cast: Magic Dart        |    61 |    15 ||    76
       Searing Ray       |     8 |     8 ||    16
 Stab: Sleeping          |       |     1 ||     1
Armor: Skin              |    21 |     5 ||    26
Dodge: Dodged            |    55 |    32 ||    87
